General information
- name: BNet
- type: Ladder team game (AT/RT)
- host: Battle.net
- saver: LeFeuSacre
map: TwilightRuins
- players: 8
- length: 31:09
- speed: Fast
- version: 1.26 W3XP
- replay type: Public
» download(194 KB)
Players
team 1 (loser)
okidokiteste (
blue | 40 APM | 1186 actions | 29:39)
7 Mountain King
1 Thunder Clap
3 Storm Bolt
2 Bash
1 Avatar
» actions
| Build / train | 130 | |
| Enter build submenu | 19 | |
| Enter hero's abilities submenu | 7 | |
| Remove unit from queue | 6 | |
| Right click | 626 | |
| Select / deselect | 275 | |
| Use ability | 123 | |
1186 total
» units
| Peasant | 17 | |
| Footman | 9 | |
| Goblin Shredder | 1 | |
| Spell Breaker | 17 | |
| Flying Machine | 18 | |
| Knight | 8 | |
70 total
» upgrades
| Defend | 1 | |
| Masonry | 3 | |
| Lumber Harvesting | 1 | |
| Gunpowder | 3 | |
| Plating | 3 | |
| Control Magic | 1 | |
| Animal War Training | 1 | |
| Flak Cannons | 1 | |
| Swords | 1 | |
15 total
» buildings
| Farm | 14 | |
| Altar of Kings | 1 | |
| Barracks | 1 | |
| Scout Tower | 23 | |
| Arcane Tower | 3 | |
| Lumber Mill | 2 | |
| Arcane Vault | 1 | |
| Town Hall | 1 | |
| Guard Tower | 13 | |
| Keep | 2 | |
| Blacksmith | 2 | |
| Castle | 1 | |
| Workshop | 2 | |
| Arcane Sanctum | 1 | |
| Cannon Tower | 1 | |
68 total
» build order
00:09 Farm
00:30 Altar of Kings
00:50 Barracks
01:02 Scout Tower
01:43 Arcane Tower
01:51 Farm
01:52 Farm
01:54 Farm
01:56 Farm
02:26 Lumber Mill
02:34 Lumber Mill
04:02 Arcane Vault
05:44 Town Hall
05:48 Scout Tower
05:49 Scout Tower
05:50 Scout Tower
05:50 Scout Tower
05:51 Scout Tower
05:52 Scout Tower
05:52 Scout Tower
05:53 Scout Tower
05:53 Scout Tower
05:53 Scout Tower
05:54 Scout Tower
05:55 Scout Tower
05:55 Scout Tower
05:56 Scout Tower
06:44 Guard Tower
06:46 Guard Tower
06:48 Arcane Tower
06:53 Guard Tower
07:40 Arcane Tower
07:42 Guard Tower
07:45 Guard Tower
08:29 Keep
08:34 Guard Tower
10:34 Blacksmith
10:54 Castle
11:11 Farm
11:12 Farm
11:13 Farm
11:14 Farm
11:16 Farm
11:20 Farm
11:20 Farm
11:27 Workshop
11:29 Workshop
11:35 Arcane Sanctum
13:57 Scout Tower
13:57 Scout Tower
13:57 Scout Tower
13:58 Scout Tower
13:59 Scout Tower
13:59 Scout Tower
13:59 Scout Tower
14:00 Scout Tower
14:28 Guard Tower
14:31 Guard Tower
14:33 Cannon Tower
14:54 Guard Tower
15:00 Guard Tower
15:01 Guard Tower
15:23 Guard Tower
15:27 Guard Tower
26:17 Farm
27:00 Farm
27:23 Keep
28:23 Blacksmith
» items
| Scroll of Regeneration | 1 | |
| Lesser Clarity Potion | 1 | |
| Scroll of Healing | 2 | |
| Scroll of Town Portal | 2 | |
| Potion of Mana | 1 | |
| Orb of Fire | 1 | |
8 total
prawnik (
green | 44 APM | 1124 actions | 25:45)
6 Death Knight
2 Death Coil
3 Unholy Aura
1 Animate Dead
3 Lich
2 Frost Nova
1 Dark Ritual
» actions
| Assign group hotkey | 24 | |
| Basic commands | 132 | |
| Build / train | 59 | |
| Enter build submenu | 18 | |
| Enter hero's abilities submenu | 9 | |
| Give item / drop item | 3 | |
| Right click | 342 | |
| Select / deselect | 219 | |
| Select group hotkey | 255 | |
| Use ability | 63 | |
1124 total
» units
| Acolyte | 25 | |
| Ghoul | 4 | |
| Crypt Fiend | 10 | |
39 total
» upgrades
| Creature Attack | 1 | |
| Creature Carapace | 1 | |
| Web | 1 | |
3 total
» buildings
| Ziggurat | 9 | |
| Altar of Darkness | 1 | |
| Crypt | 1 | |
| Tomb of Relics | 1 | |
| Graveyard | 1 | |
| Nerubian Tower | 1 | |
| Halls of the Dead | 1 | |
| Sacrificial Pit | 1 | |
| Spirit Tower | 1 | |
17 total
» build order
00:09 Ziggurat
00:12 Altar of Darkness
00:43 Crypt
00:50 Tomb of Relics
01:18 Graveyard
01:30 Ziggurat
01:52 Nerubian Tower
03:59 Ziggurat
04:23 Halls of the Dead
06:02 Ziggurat
08:40 Ziggurat
09:56 Ziggurat
11:43 Sacrificial Pit
12:10 Ziggurat
14:46 Ziggurat
15:51 Spirit Tower
17:26 Ziggurat
» items
| Rod of Necromancy | 1 | |
| Potion of Healing | 1 | |
| Scroll of Town Portal | 1 | |
3 total

»
garyoak (
yellow | 28 APM | 866 actions | 31:05)
5 Keeper of the Grove
3 Force of Nature
2 Thorns Aura
5 Priestess of the Moon
3 Trueshot Aura
2 Searing Arrows
» actions
| Assign group hotkey | 22 | |
| Basic commands | 71 | |
| Build / train | 64 | |
| Enter build submenu | 15 | |
| Enter hero's abilities submenu | 10 | |
| Right click | 256 | |
| Select / deselect | 232 | |
| Select group hotkey | 162 | |
| Use ability | 34 | |
866 total
» units
| Wisp | 10 | |
| Giant Sea Turtle | 1 | |
| Makrura Snapper | 1 | |
| Druid of the Talon | 10 | |
| Dryad | 11 | |
| Chimaera | 4 | |
37 total
» upgrades
| Strength of the Wild | 3 | |
| Reinforced Hides | 3 | |
| Ultravision | 1 | |
| Abolish Magic | 1 | |
| Druid of the Talon Training | 2 | |
| Well Spring | 1 | |
| Mark of the Talon | 1 | |
| Corrosive Breath | 1 | |
13 total
» buildings
| Altar of Elders | 1 | |
| Moon Well | 10 | |
| Hunter's Hall | 1 | |
| Tree of Ages | 1 | |
| Ancient of Wind | 1 | |
| Ancient of Lore | 1 | |
| Tree of Eternity | 1 | |
| Chimaera Roost | 1 | |
17 total
» build order
00:09 Altar of Elders
00:15 Moon Well
01:10 Hunter's Hall
02:46 Tree of Ages
02:52 Moon Well
03:14 Moon Well
03:59 Moon Well
05:22 Ancient of Wind
05:26 Ancient of Lore
09:29 Tree of Eternity
09:37 Moon Well
10:36 Moon Well
11:33 Moon Well
12:44 Chimaera Roost
15:36 Moon Well
17:03 Moon Well
20:09 Moon Well
navy_guy140 (
purple | 36 APM | 976 actions | 26:50)
4 Dreadlord
2 Sleep
2 Vampiric Aura
4 Lich
2 Frost Nova
2 Dark Ritual
» actions
| Basic commands | 1 | |
| Build / train | 71 | |
| Enter build submenu | 25 | |
| Enter hero's abilities submenu | 8 | |
| Give item / drop item | 5 | |
| Remove unit from queue | 4 | |
| Right click | 440 | |
| Select / deselect | 341 | |
| Use ability | 81 | |
976 total
» units
| Acolyte | 10 | |
| Ghoul | 4 | |
| Crypt Fiend | 3 | |
| Obsidian Statue | 8 | |
| Frost Wyrm | 11 | |
36 total
» upgrades
| Web | 1 | |
| Destroyer Form | 1 | |
| Creature Attack | 2 | |
| Creature Carapace | 1 | |
5 total
» buildings
| Crypt | 1 | |
| Graveyard | 1 | |
| Ziggurat | 9 | |
| Halls of the Dead | 1 | |
| Altar of Darkness | 1 | |
| Tomb of Relics | 1 | |
| Slaughterhouse | 1 | |
| Sacrificial Pit | 1 | |
| Black Citadel | 5 | |
| Boneyard | 2 | |
| Necropolis | 1 | |
| Spirit Tower | 1 | |
| Nerubian Tower | 1 | |
26 total
» build order
00:07 Crypt
00:11 Graveyard
00:20 Ziggurat
02:06 Halls of the Dead
02:21 Altar of Darkness
02:36 Ziggurat
02:51 Tomb of Relics
03:37 Ziggurat
03:45 Ziggurat
04:28 Slaughterhouse
04:31 Sacrificial Pit
05:17 Black Citadel
05:18 Black Citadel
05:18 Black Citadel
05:18 Black Citadel
06:33 Ziggurat
07:46 Boneyard
08:38 Ziggurat
11:41 Necropolis
11:44 Ziggurat
12:58 Ziggurat
13:06 Ziggurat
20:18 Boneyard
22:47 Spirit Tower
22:54 Nerubian Tower
» items
| Rod of Necromancy | 1 | |
| Healing Wards | 1 | |
| Orb of Corruption | 1 | |
| Scroll of Town Portal | 3 | |
6 total
team 2 (winner)
o_O_O_O_o (
orange | 50 APM | 1543 actions | 31:05)
9 Paladin
2 Holy Light
3 Divine Shield
3 Devotion Aura
1 Resurrection
6 Mountain King
2 Storm Bolt
3 Bash
1 Avatar
» actions
| Assign group hotkey | 38 | |
| Basic commands | 190 | |
| Build / train | 107 | |
| ESC pressed | 1 | |
| Enter build submenu | 33 | |
| Enter hero's abilities submenu | 16 | |
| Give item / drop item | 2 | |
| Right click | 163 | |
| Select / deselect | 275 | |
| Select group hotkey | 589 | |
| Use ability | 129 | |
1543 total
» units
| Peasant | 16 | |
| Rifleman | 17 | |
| Siege Engine | 18 | |
51 total
» upgrades
| Armor | 3 | |
| Masonry | 3 | |
| Long Rifles | 1 | |
| Gunpowder | 3 | |
| Barrage | 1 | |
| Lumber Harvesting | 1 | |
| Plating | 3 | |
15 total
» buildings
| Altar of Kings | 1 | |
| Farm | 14 | |
| Barracks | 2 | |
| Blacksmith | 1 | |
| Arcane Vault | 2 | |
| Town Hall | 1 | |
| Scout Tower | 4 | |
| Lumber Mill | 1 | |
| Arcane Tower | 1 | |
| Guard Tower | 3 | |
| Keep | 1 | |
| Castle | 1 | |
| Workshop | 4 | |
36 total
» build order
00:08 Altar of Kings
00:20 Farm
00:43 Farm
00:49 Barracks
01:37 Blacksmith
02:04 Farm
02:13 Arcane Vault
03:44 Town Hall
03:52 Scout Tower
03:55 Scout Tower
04:05 Lumber Mill
04:44 Arcane Tower
05:10 Guard Tower
05:49 Keep
05:53 Farm
06:07 Scout Tower
06:08 Scout Tower
06:29 Barracks
07:29 Farm
07:44 Guard Tower
07:44 Guard Tower
08:47 Castle
08:52 Farm
08:59 Farm
09:00 Farm
11:02 Arcane Vault
11:36 Workshop
11:38 Workshop
11:41 Workshop
12:23 Farm
15:42 Farm
17:13 Farm
19:54 Workshop
26:37 Farm
26:37 Farm
30:06 Farm
» items
| Scroll of Regeneration | 4 | |
| Replenishment Potion | 1 | |
| Lesser Clarity Potion | 4 | |
| Orb of Fire | 2 | |
| Staff of Sanctuary | 2 | |
| Scroll of Town Portal | 4 | |
| Potion of Mana | 1 | |
18 total

»
YourDeadbeatDad (
teal | 57 APM | 1766 actions | 31:05)
6 Mountain King
3 Storm Bolt
2 Bash
1 Avatar
4 Paladin
2 Holy Light
1 Divine Shield
1 Devotion Aura
» actions
| Assign group hotkey | 57 | |
| Basic commands | 3 | |
| Build / train | 77 | |
| Enter build submenu | 16 | |
| Enter hero's abilities submenu | 10 | |
| Give item / drop item | 2 | |
| Right click | 554 | |
| Select / deselect | 308 | |
| Select group hotkey | 679 | |
| Use ability | 59 | |
1766 total
» units
| Peasant | 11 | |
| Footman | 11 | |
| Knight | 23 | |
45 total
» upgrades
| Plating | 3 | |
| Animal War Training | 1 | |
| Swords | 3 | |
7 total
» buildings
| Altar of Kings | 1 | |
| Farm | 9 | |
| Barracks | 2 | |
| Arcane Vault | 1 | |
| Keep | 1 | |
| Lumber Mill | 1 | |
| Blacksmith | 1 | |
| Castle | 1 | |
| Town Hall | 1 | |
18 total
» build order
00:17 Altar of Kings
00:24 Farm
00:36 Barracks
00:51 Farm
01:28 Arcane Vault
02:13 Farm
04:03 Keep
04:43 Lumber Mill
05:31 Blacksmith
05:36 Farm
06:55 Castle
08:04 Barracks
11:01 Farm
11:04 Farm
12:32 Farm
13:31 Town Hall
14:12 Farm
14:45 Farm
» items
| Scroll of Regeneration | 5 | |
| Lesser Clarity Potion | 1 | |
| Scroll of Town Portal | 3 | |
| Rod of Necromancy | 1 | |
| Staff of Sanctuary | 1 | |
11 total
LeFeuSacre (
pink | 109 APM | 3403 actions | 31:09)
8 Blood Mage
3 Flame Strike
3 Siphon Mana
1 Summon Phoenix
1 Banish
» actions
| Assign group hotkey | 85 | |
| Basic commands | 129 | |
| Build / train | 181 | |
| ESC pressed | 7 | |
| Enter build submenu | 75 | |
| Enter hero's abilities submenu | 8 | |
| Give item / drop item | 6 | |
| Right click | 900 | |
| Select / deselect | 442 | |
| Select group hotkey | 1370 | |
| Use ability | 200 | |
3403 total
» units
| Peasant | 31 | |
| Footman | 16 | |
| Goblin Shredder | 7 | |
| Sorceress | 1 | |
| Gryphon Rider | 5 | |
| Siege Engine | 2 | |
| Dragonhawk Rider | 1 | |
| Goblin Zeppelin | 3 | |
66 total
» upgrades
| Masonry | 3 | |
| Swords | 3 | |
| Lumber Harvesting | 2 | |
| Sorceress Training | 2 | |
| Magic Sentry | 1 | |
| Armor | 2 | |
| Animal War Training | 1 | |
| Storm Hammers | 1 | |
| Cloud | 1 | |
| Plating | 3 | |
| Backpack | 1 | |
| Barrage | 1 | |
| Gunpowder | 3 | |
24 total
» buildings
| Altar of Kings | 1 | |
| Barracks | 1 | |
| Farm | 23 | |
| Arcane Vault | 2 | |
| Lumber Mill | 1 | |
| Town Hall | 2 | |
| Scout Tower | 22 | |
| Guard Tower | 26 | |
| Blacksmith | 1 | |
| Keep | 6 | |
| Arcane Sanctum | 3 | |
| Gryphon Aviary | 8 | |
| Castle | 3 | |
| Workshop | 4 | |
103 total
» build order
00:06 Altar of Kings
00:08 Barracks
00:12 Farm
00:52 Farm
01:48 Arcane Vault
02:36 Farm
02:52 Lumber Mill
03:29 Farm
04:12 Town Hall
04:42 Scout Tower
04:44 Scout Tower
04:48 Scout Tower
04:50 Scout Tower
05:26 Guard Tower
05:26 Guard Tower
05:53 Guard Tower
05:53 Guard Tower
06:07 Guard Tower
06:08 Guard Tower
06:16 Farm
07:12 Scout Tower
07:17 Scout Tower
07:20 Scout Tower
07:24 Blacksmith
07:28 Scout Tower
07:39 Keep
07:39 Keep
07:39 Keep
07:51 Guard Tower
08:00 Guard Tower
08:00 Guard Tower
08:01 Guard Tower
08:02 Guard Tower
08:15 Scout Tower
08:18 Scout Tower
08:19 Scout Tower
08:20 Scout Tower
08:24 Scout Tower
09:15 Guard Tower
10:08 Arcane Sanctum
10:09 Arcane Sanctum
10:13 Arcane Sanctum
10:20 Gryphon Aviary
10:40 Scout Tower
10:41 Scout Tower
10:42 Scout Tower
11:06 Arcane Vault
11:08 Guard Tower
11:08 Guard Tower
11:11 Scout Tower
11:12 Scout Tower
11:16 Castle
11:17 Castle
11:25 Farm
11:32 Scout Tower
11:34 Scout Tower
11:46 Guard Tower
12:00 Gryphon Aviary
12:03 Gryphon Aviary
12:08 Gryphon Aviary
12:10 Guard Tower
12:10 Guard Tower
12:11 Guard Tower
12:11 Guard Tower
13:11 Scout Tower
13:14 Scout Tower
13:50 Guard Tower
14:57 Farm
14:58 Farm
14:59 Farm
15:01 Farm
15:02 Farm
18:09 Workshop
18:09 Workshop
18:10 Workshop
18:11 Workshop
22:29 Farm
22:30 Farm
26:37 Town Hall
26:38 Keep
26:44 Gryphon Aviary
26:45 Gryphon Aviary
26:45 Gryphon Aviary
26:46 Gryphon Aviary
29:56 Farm
29:57 Farm
29:57 Farm
29:58 Farm
30:04 Farm
30:05 Farm
30:06 Farm
30:07 Farm
30:08 Farm
30:11 Farm
» items
| Scroll of Regeneration | 7 | |
| Boots of Speed | 1 | |
| Staff of Teleportation | 1 | |
| Potion of Invisibility | 2 | |
| Tome of Retraining | 1 | |
| Periapt of Vitality | 1 | |
| Lesser Clarity Potion | 7 | |
| Scroll of Town Portal | 5 | |
| Potion of Healing | 5 | |
| Potion of Mana | 3 | |
33 total

»
NONAME55 (
red | 25 APM | 765 actions | 31:05)
5 Crypt Lord
3 Impale
2 Spiked Carapace
2 Pit Lord
1 Cleaving Attack
1 Rain of Fire
» actions
| Build / train | 82 | |
| Enter build submenu | 24 | |
| Enter hero's abilities submenu | 7 | |
| Give item / drop item | 2 | |
| Right click | 241 | |
| Select / deselect | 357 | |
| Use ability | 52 | |
765 total
» units
| Acolyte | 13 | |
| Ghoul | 4 | |
| Crypt Fiend | 11 | |
| Necromancer | 6 | |
| Banshee | 5 | |
| Abomination | 8 | |
47 total
» upgrades
| Unholy Strength | 3 | |
| Unholy Armor | 4 | |
| Necromancer Training | 2 | |
| Banshee Training | 2 | |
| Skeletal Longevity | 1 | |
| Web | 1 | |
| Skeletal Mastery | 1 | |
| Cannibalize | 1 | |
| Disease Cloud | 1 | |
16 total
» buildings
| Ziggurat | 9 | |
| Altar of Darkness | 1 | |
| Crypt | 1 | |
| Graveyard | 1 | |
| Tomb of Relics | 1 | |
| Halls of the Dead | 1 | |
| Temple of the Damned | 2 | |
| Necropolis | 1 | |
| Black Citadel | 1 | |
| Slaughterhouse | 2 | |
20 total
» build order
00:50 Ziggurat
00:54 Altar of Darkness
00:58 Crypt
01:07 Graveyard
01:20 Tomb of Relics
01:34 Ziggurat
02:46 Ziggurat
04:38 Halls of the Dead
06:25 Ziggurat
06:30 Ziggurat
08:46 Temple of the Damned
08:51 Temple of the Damned
09:34 Necropolis
09:51 Black Citadel
12:16 Ziggurat
12:21 Ziggurat
12:25 Ziggurat
20:07 Slaughterhouse
20:11 Slaughterhouse
21:41 Ziggurat
» items
| Rod of Necromancy | 1 | |
| Gloves of Haste | 2 | |
| Scroll of Town Portal | 2 | |
| Orb of Corruption | 2 | |
| Scroll of Regeneration | 1 | |
8 total
Chat log
(00:13 / Allies) o_O_O_O_o: hi
(00:16 / Allies) LeFeuSacre: HEJ
(08:29 / Allies) LeFeuSacre: green ahs an expo
(08:34 / Allies) LeFeuSacre: I saw an acolyte
(09:28 / Allies) o_O_O_O_o: u ok?
(09:42 / Allies) LeFeuSacre: idk
(09:47 / Allies) o_O_O_O_o: teal
(10:25 / Allies) LeFeuSacre: help
(10:27 / Allies) LeFeuSacre: or we lose
(10:32 / Allies) o_O_O_O_o: omq
(10:33 / Allies) o_O_O_O_o: omw
(10:37 / Allies) LeFeuSacre: ty
(10:57 / Allies) o_O_O_O_o: make a shop there
(12:09 / Allies) o_O_O_O_o: teal get an expo
(12:15 / Allies) LeFeuSacre: wyrms
(12:23 / Allies) LeFeuSacre: he has pit
(13:31 / Allies) o_O_O_O_o: i'll tp
(13:32 / All) okidokiteste: nadn no help on my expo... so nice
(13:46 / All) okidokiteste: keep creeping assholes
(13:52 / Allies) o_O_O_O_o: omg pink
(13:53 / Allies) o_O_O_O_o: bad base
(13:56 / Allies) LeFeuSacre: good base
(13:57 / Allies) LeFeuSacre: bad tp
(13:57 / Allies) NONAME55: lol
(14:00 / Allies) LeFeuSacre: you needed to target it better
(16:19 / All) LeFeuSacre: lol
(16:21 / All) LeFeuSacre: that was 1 hero
(16:24 / All) LeFeuSacre: I had no units all game but footies
(17:02 / Allies) NONAME55: attack together
(17:06 / Allies) YourDeadbeatDad: meet
(17:07 / Allies) o_O_O_O_o: go hit
(19:27 / Allies) o_O_O_O_o: b
(19:45 / Allies) o_O_O_O_o: tanks pumping
(19:47 / Allies) o_O_O_O_o: i have 6 so far
(20:34 / All) LeFeuSacre: Poor green
(20:51 / All) okidokiteste: pooor red
(21:01 / All) okidokiteste: pooor pink
(21:07 / All) LeFeuSacre: Not over yet
(21:12 / Allies) YourDeadbeatDad: planÉ
(21:18 / All) LeFeuSacre: We can't possibly lose
(21:20 / All) LeFeuSacre: We outplayed you
(21:22 / All) LeFeuSacre: even if we get defeat
(21:26 / All) LeFeuSacre: we've done by raping green over and over
(21:27 / All) LeFeuSacre: ok?
(21:33 / Allies) o_O_O_O_o: tanks will rape them
(21:50 / Allies) YourDeadbeatDad: bac up
(21:51 / Allies) YourDeadbeatDad: red
(21:52 / Allies) YourDeadbeatDad: wtf
(21:53 / All) navy_guy140: ur so lucky
(21:53 / Allies) o_O_O_O_o: tp
(21:58 / Allies) o_O_O_O_o: tping
(22:00 / Allies) YourDeadbeatDad: tping
(22:03 / All) LeFeuSacre: No luck just skill son
(22:13 / All) navy_guy140: lol stgu
(22:14 / All) LeFeuSacre: so sick
(22:30 / Allies) o_O_O_O_o: tanks going
(23:13 / Allies) o_O_O_O_o: kill ground
(24:45 / All) LeFeuSacre: I didn't even make units until the end
(24:49 / All) LeFeuSacre: Study the replay
(24:56 / All) LeFeuSacre: One day you can be as good as me, bros
(24:57 / All) navy_guy140: ur not good....
(25:01 / All) navy_guy140: ur teammate did the work
(25:08 / All) LeFeuSacre: I killed 1 player by myself
(25:09 / All) navy_guy140: stfu u pog
(25:10 / All) LeFeuSacre: Green
(25:20 / All) LeFeuSacre: You angry or something?
(25:23 / All) LeFeuSacre: I think you are, purple
(25:28 / All) LeFeuSacre: You care about your record
(25:49 / All) LeFeuSacre: You are 14-23 now
(25:58 / All) navy_guy140: lol
(26:01 / All) navy_guy140: fuck team game
(26:07 / All) navy_guy140: im a solo beast
(26:08 / All) LeFeuSacre: Solo record isn't much better
(26:14 / All) navy_guy140: lol 1v1 me
(26:18 / All) LeFeuSacre: Ok
(26:23 / All) LeFeuSacre: You are barely 50%
(26:24 / All) navy_guy140: clan ikon
(26:27 / All) navy_guy140: lol
(26:30 / All) LeFeuSacre: I shall
(26:31 / All) navy_guy140: u just dont no
(26:41 / All) LeFeuSacre: Too little too late with the chims
(27:01 / All) garyoak: they wouldnt have done too much vs tanks anyway
(27:09 / All) LeFeuSacre: You can leave
(27:35 / All) LeFeuSacre: I shall do a commentary on this wonderful game
(27:47 / All) LeFeuSacre: Would have been perfect if I didn't lose my bm due to my greediness one time
(27:53 / All) LeFeuSacre: and if orange didn't get his units stuck
(28:12 / All) garyoak: in you face red
(28:29 / Allies) o_O_O_O_o: got it
(29:12 / All) garyoak: didnt get that upgrade in
(29:14 / All) o_O_O_O_o: gg noobs!
(29:15 / All) garyoak: embarrassing
(29:21 / All) LeFeuSacre: lol
(30:37 / All) garyoak: congrats on w
(30:42 / All) LeFeuSacre: gg
(30:48 / All) garyoak: just wanted you to feel you earned it
(30:50 / All) LeFeuSacre: ty
(30:57 / All) LeFeuSacre: You are a gentleman and scholar